 Dungeon Crawl Stone Soup version 0.31-a0-744-gbc345e7fcb (webtiles) character file.

Game seed: 14920665787301360946

137 Aneyh the Slasher (level 5, -4/32 HPs)
             Began as a Tengu Monk on Sept 14, 2023.
             Slain by an orc wizard
             ... wielding a +1 dagger of speed
              (5 damage)
             ... on level 4 of the Dungeon.
             The game lasted 00:03:32 (2486 turns).

Aneyh the Slasher (Tengu Monk)                      Turns: 2486, Time: 00:03:32

Health: -4/32      AC:  4    Str: 14    XL:     5   Next: 20%
Magic:  0/6        EV: 12    Int: 10    God:
Gold:   88         SH:  0    Dex: 16    Spells: 4/4 levels left

rFire   . . .        e - +0 long sword
rCold   . . .        (no shield)
rNeg    . . .        g - +0 leather armour
rPois   .            (helmet restricted)
rElec   .            (no cloak)
rCorr   .            l - +0 pair of gloves
SInv    .            (boots unavailable)
Will    .....        s - amulet of guardian spirit
Stlth   +            (no ring)
HPRegen 0.25/turn    (no ring)
MPRegen 0.10/turn

%: acrobat, guardian spirit
@: no status effects
A: beak, talons 3, acrobatic
a: no special abilities


You were on level 4 of the Dungeon.
You visited 1 branch of the dungeon, and saw 4 of its levels.

You collected 88 gold pieces.

Inventory:

Hand Weapons
 a - a +0 spear
 e - a +0 long sword (weapon)
Armour
 b - a +0 robe
 d - an orb of light
 g - a +0 leather armour (worn)
 j - a +0 pair of gloves
 l - a +0 pair of gloves (worn)
Magical Staves
 m - a staff of conjuration
Jewellery
 r - an amulet of reflection
 s - an amulet of guardian spirit (around neck)
Scrolls
 h - a scroll of fog {unknown}
 i - 3 scrolls of summoning {unknown}
 p - 2 scrolls of silence {unknown}
 t - a scroll of teleportation {unknown}
 u - a scroll of immolation {unknown}
 v - a scroll of identify {unknown}
 w - a scroll of enchant weapon {unknown}
 x - a scroll of vulnerability {unknown}
 y - a scroll of revelation {unknown}
 A - a scroll of fear {unknown}
Potions
 c - a potion of ambrosia
 f - 2 potions of curing {unknown}
 k - a potion of mutation {unknown}
 n - a potion of magic {unknown}
 o - a potion of berserk rage {unknown}
 q - a potion of enlightenment {unknown}
 z - a potion of degeneration {unknown}


   Skills:
 + Level 3.2 Fighting
 - Level 5.0 Long Blades
 - Level 3.2 Polearms
 - Level 3.2 Dodging


You had 4 spell levels left.
You didn't know any spells.
Your spell library was empty.

Dungeon Overview and Level Annotations

Branches:
Dungeon (4/15)
 Temple: D:4-7

Altars:
Wu Jian

Shops:
D:2 =


Innate Abilities, Weirdness & Mutations

You have a beak for a mouth.
You have claws for feet.
You can magically evade attacks while moving or waiting.


Message History

You are confused.
You bump into the rock wall.
Something hits you but does no damage. Something misses you.
Something hits you.
You hear some strange, mumbled words.
A puff of flame appears from out of thin air!
The puff of flame hits you.
Things that are here:
a +0 club; an orc corpse You miss something.
Something hits you but does no damage.
You hit something. Your kick misses something.
You hear some strange, mumbled words.
A magic dart appears from out of thin air!
The magic dart hits you.
* * * LOW HITPOINT WARNING * * *
Something hits you.
* * * LOW HITPOINT WARNING * * *
You hit something. Your kick misses something.
You feel less confused. Something hits you.
* * * LOW HITPOINT WARNING * * *
You miss something. Something hits you.
* * * LOW HITPOINT WARNING * * *
Something hits you.
* * * LOW HITPOINT WARNING * * *
You are confused.
You feel invigorated.
Something hits you but does no damage. x2
Something hits you but does no damage.
You feel less invigorated.
You feel less confused.
You hear some strange, mumbled words.
A puff of flame appears from out of thin air!
The puff of flame hits you!
* * * LOW HITPOINT WARNING * * *
You miss something. Something hits you.
* * * LOW HITPOINT WARNING * * *
Something hits you.
* * * LOW HITPOINT WARNING * * *
You miss something. Your kick misses something. You punch something.
Something hits you.
You die...

#### #.. #.#
########.#
#......).#
#......{)#
#......@.# #
###........# ..
#..........#
##..#.#........#.
..................
#....#..##.#..#.##
###.....##.#..#...
#..##.##.#..# ###
##..<....#...


There were no monsters in sight!

Vanquished Creatures
  A jelly (D:3)
  4 adders
  2 worms
  2 orcs (D:4)
  6 endoplasms
  3 giant cockroaches
  4 goblins
  7 hobgoblins
  2 jackals (D:1)
  3 quokkas
  4 ball pythons
  5 bats
  3 frilled lizards
  7 kobolds
  6 rats
59 creatures vanquished.

Notes
Turn   | Place    | Note
-------+----------+-------------------------------------------
     0 | D:1      | Aneyh the Tengu Monk began the quest for the Orb.
     0 | D:1      | Reached XP level 1. HP: 14/14 MP: 2/2
    58 | D:1      | Reached skill level 1 in Long Blades
   129 | D:1      | Reached XP level 2. HP: 19/19 MP: 3/3
   253 | D:1      | Reached skill level 2 in Long Blades
   665 | D:1      | Reached XP level 3. HP: 23/23 MP: 4/4
   703 | D:1      | You fall into a shaft and drop 1 floor!
   867 | D:1      | Reached skill level 3 in Long Blades
  1187 | D:2      | Found Aqifasch's Jewellery Shop.
  1437 | D:2      | Reached XP level 4. HP: 28/28 MP: 5/5
  1644 | D:3      | Reached skill level 4 in Long Blades
  1945 | D:3      | Found a faded altar of an unknown god.
  2039 | D:3      | Found an ornate altar of the Wu Jian Council.
  2111 | D:3      | Reached skill level 5 in Long Blades
  2111 | D:3      | Reached XP level 5. HP: 20/32 MP: 2/6
  2481 | D:4      | HP: 1/32 [something (3)]
  2486 | D:4      | Slain by an orc wizard

Illustrated notes

Levels and vault maps discovered:
D:1:      minmay_arrival_five_plusses, layout_basic, serial_forest,
          infiniplex_forest_end_double, infiniplex_forest_clump_double,
          infiniplex_forest_lined_corner, infiniplex_forest_clump_tiny,
          infiniplex_forest_clump_cross, infiniplex_forest_clump_small,
          infiniplex_forest_corner_2, serial_bayou_pond_a, nicolae_grassy_gnolls
D:2:      layout_basic, serial_shops, nicolae_shop_hallway_plus
D:3:      layout_basic, nicolae_wu_jian_glorious_leap,
          ebering_ecumenical_altar_webs
D:4:      layout_basic, nicolae_overflow_hidden_temple,
          minmay_temple_entry_ruins, serial_shops, nicolae_inconvenience_store,
          gammafunk_ghost_split

Skill      XL: |  1  2  3  4 |
---------------+-------------+-----
Long Blades    | 1 2 3 5 |  5.0
Fighting       | |  3.2
Polearms       | |  3.2
Dodging        | |  3.2

Action                     |  1- 3 |  4- 6 || total
---------------------------+-------+-------++-------
  Melee: Spear             |   106 |     5 ||   111
         Kick              |    18 |    14 ||    32
         Punch             |     1 |     2 ||     3
         Peck              |     6 |     5 ||    11
         Long sword        |       |    46 ||    46
    Use: Potion            |       |     1 ||     1
   Stab: Sleeping          |     3 |       ||     3
 Armour: Robe              |     3 |       ||     3
         Leather armour    |    18 |    43 ||    61
  Dodge: Dodged            |    45 |    24 ||    69

Table legend: (Time is in decaauts)
 A = Elapsed time spent in this place.
 B = Non-inter-level travel time spent in this place.
 C = Inter-level travel time spent in this place.
 D = Time resting spent in this place.
 E = Time spent auto-exploring this place.
 F = Levels seen in this place.
 G = Mean time per level.
                   A        B        C        D        E       F      G
               +--------+--------+--------+--------+--------+-----+--------+
         Total |   2486 |   2367 |    119 |     37 |   1894 |   4 |  621.5 |
       Dungeon |   2486 |   2367 |    119 |     37 |   1894 |   4 |  621.5 |
               +--------+--------+--------+--------+--------+-----+--------+

Top non-repeatable levels by time:
     D:1: 1093 daAuts
     D:3: 822 daAuts
     D:2: 533 daAuts
     D:4: 37 daAuts
